 Dungeon Crawl Stone Soup version 0.31-a0-844-gdc52ec4e09 (webtiles) character file.

Game seed: 13612731611898398134

215766 pokeman the Sorcerer (level 18, -5/105 HPs)
             Began as a Deep Elf Hedge Wizard on Sept 30, 2023.
             Was the Champion of Vehumet.
             Slain by a +2 heavy trident (13 damage)
             ... on level 2 of the Elven Halls.
             The game lasted 02:11:30 (40769 turns).

pokeman the Sorcerer (Deep Elf Hedge Wizard)       Turns: 40769, Time: 02:11:30

Health: -5/105     AC: 18    Str:  7    XL:     18   Next: 34%
Magic:  5/58       EV: 12    Int: 28    God:    Vehumet [******]
Gold:   4318       SH:  0    Dex: 17    Spells: 6/68 levels left

rFire   + + .        t - staff of conjuration
rCold   x . .        (no shield)
rNeg    + . .        V - +0 acid dragon scales
rPois   +            I - +2 helmet
rElec   .            F - +1 cloak {rPois}
rCorr   +            h - +1 pair of gloves of Impressiveness {rF+ rN+ Dex+3}
SInv    .            K - +1 pair of boots
Will    +....        c - amulet of the acrobat
Stlth   ++           p - ring of magical power
HPRegen 0.37/turn    G - ring of fire
MPRegen 0.36/turn

%: acrobat
@: no status effects
A: devolution 1
}: 1/15 runes: decaying
a: Renounce Religion


You were on level 2 of the Elven Halls.
You worshipped Vehumet.
Vehumet was exalted by your worship.
You visited 6 branches of the dungeon, and saw 30 of its levels.
You visited the Abyss 2 times.
You also visited: Sewer, Volcano and Wizlab.

You collected 5044 gold pieces.
You spent 726 gold pieces at shops.

Inventory:

Hand Weapons
 b - the +6 mace "Diocwiybuu" {freeze, *Corrode rPois Will- Str+6 SInv}
   (You found it on level 5 of the Lair of Beasts)

   Str+6:     It affects your strength (+6).
   rPois:     It protects you from poison Will-: It decreases your willpower.
   SInv:      It lets you see invisible.
   *Corrode:  It may corrode you when you take damage.
 g - the +10 lajatang of Barch {venom, Contam Fly rPois Int+7}
   (You took it off a deep elf pyromancer on level 3 of the Elven Halls)

   Int+7:     It affects your intelligence (+7).
   rPois:     It protects you from poison Fly: It grants you flight.
   Contam:    It causes magical contamination when unequipped.
Missiles
 L - 2 curare-tipped darts
 M - 3 throwing nets
Armour
 h - the +1 pair of gloves of Impressiveness (worn) {rF+ rN+ Dex+3}
   (You acquired it on level 14 of the Dungeon)

   Dex+3:     It affects your dexterity (+3).
   rF+:       It protects you from fire.
   rN+:       It protects you from negative energy.
 l - a +0 buckler
 F - a +1 cloak of poison resistance (worn)
 I - a +2 helmet (worn)
 K - a +1 pair of boots (worn)
 N - a +2 scale mail of cold resistance
 V - +0 acid dragon scales (worn)
Magical Staves
 j - the staff of Ru, Holding {rC+ Int+5 Stlth+ Ice}
   (You found it on level 5 of the Lair of Beasts)

   [staff of cold]

   Base accuracy: +5 Base damage: 5 Base attack delay: 1.2 This weapon's minimum
   attack delay (0.6) is reached at skill level 12.
   Int+5:     It affects your intelligence (+5).
   rC+:       It protects you from cold.
   Stlth+:    It makes you more stealthy.
   Ice:       It increases the power of your Ice spells.
   It falls into the 'Staves' category.
   It is a one-handed weapon.
 t - a staff of conjuration (weapon)
 z - the staff "Boecyzxe" {rElec rN++ Air}
   (You found it on level 3 of the Elven Halls)

   [staff of air]

   Base accuracy: +5 Base damage: 5 Base attack delay: 1.2 This weapon's minimum
   attack delay (0.6) is reached at skill level 12.
   rElec:     It insulates you from electricity.
   rN++:      It greatly protects you from negative energy.
   Air:       It increases the power of your Air spells.
   It falls into the 'Staves' category.
   It is a one-handed weapon.
 B - a staff of death
 D - a staff of earth
Jewellery
 c - an amulet of the acrobat (around neck)
 f - a ring of poison resistance
 p - a ring of magical power (left hand)
 G - a ring of fire (right hand)
 P - a ring of flight
 R - a ring of protection from cold
Wands
 a - a wand of flame (8)
 i - a wand of mindburst (8)
 o - a wand of digging (18)
 v - a wand of paralysis (56)
 y - a wand of quicksilver (16)
 U - a wand of roots (35)
Scrolls
 k - 4 scrolls of blinking
 n - a scroll of summoning
 q - a scroll of fog
 r - 8 scrolls of teleportation
 s - 2 scrolls of revelation
 x - a scroll of amnesia
 C - a scroll of torment
Potions
 d - 7 potions of magic
 e - 11 potions of haste
 m - 9 potions of heal wounds
 u - a potion of might
 w - 10 potions of curing
Miscellaneous
 A - a phial of floods
 E - a box of beasts
 T - a phantom mirror


   Skills:
 - Level 9.0 Fighting
 - Level 7.0 Armour
 - Level 3.0 Dodging
 - Level 3.0 Stealth
 + Level 4.8 Shields
 * Level 25.5 Spellcasting
 + Level 15.8 Conjurations
 - Level 1.1 Summonings
 - Level 6.0 Necromancy
 - Level 1.1 Translocations
 + Level 14.0 Fire Magic
 - Level 1.0 Ice Magic
 - Level 1.2 Air Magic
 - Level 13.8 Earth Magic
 - Level 1.0 Poison Magic
 - Level 1.0 Evocations


You had 6 spell levels left.
You knew the following spells:

 Your Spells              Type           Power      Damage    Failure   Level
a - Magic Dart            Conj           100%       1d8       0%          1
b - Mephitic Cloud        Conj/Pois/Air  81%        N/A       1%          3
c - Call Imp              Summ           82%        N/A       1%          2
d - Blink                 Tloc           82%        N/A       1%          2
e - Stone Arrow           Conj/Erth      100%       3d13      0%          3
f - Fireball              Conj/Fire      66%        3d25      1%          5
g - Iskenderun's Battles  Conj           100%       2d15      1%          5
h - Bombard               Conj/Erth      54%        9d9       1%          6
i - Freezing Cloud        Conj/Ice/Air   40%        6-21      1%          5
j - Lee's Rapid Deconstr  Erth           42%        3d21*     1%          5
k - Orb of Destruction    Conj           56%        9d14      1%          7
l - Starburst             Conj/Fire      66%        6d17      1%          6
m - Dispel Undead         Necr           62%        3d22      1%          4
n - Ignition              Fire           53%        3d15      8%          8

Your spell library contained the following spells:

 Spells                   Type           Power      Damage    Failure   Level
 Fire Storm               Conj/Fire      66%        8d17      58%         9
 Chain Lightning          Conj/Air       45%        3d60      100%        9
 Kiss of Death            Conj/Necr      100%       2d13      0%          1
 Sandblast                Erth           100%       2d20      0%          1
 Searing Ray              Conj           100%       2d8       0%          2
 Shock                    Conj/Air       100%       1d9       1%          1
 Slow                     Hex            100%       N/A       1%          1
 Sting                    Tmut/Pois      100%       1d8       1%          1
 Summon Small Mammal      Summ           100%       N/A       1%          1
 Cigotuvi's Dreadful Rot  Necr/Pois/Air  100%       N/A       1%          2
 Passwall                 Tmut/Erth      54%        N/A       1%          2
 Poisonous Vapours        Pois/Air       82%        N/A       1%          2
 Volatile Blastmotes      Fire/Tloc      100%       2d18      1%          3
 Brom's Barrelling Bould  Conj/Erth      100%       2d11      1%          4
 Fulminant Prism          Conj/Hex       44%        3d19      1%          4
 Iskenderun's Mystic Bla  Conj/Tloc      90%        2d18      1%          4
 Leda's Liquefaction      Hex/Erth       32%        N/A       1%          4
 Arcjolt                  Conj/Air       45%        1d55      1%          5
 Borgnjor's Vile Clutch   Necr/Erth      37%        N/A       1%          5
 Conjure Ball Lightning   Conj/Air       45%        3x3d16    1%          6
 Ozocubu's Armour         Ice            41%        N/A       2%          3
 Swiftness                Air            42%        N/A       2%          3
 Airstrike                Air            21%        2d(3-19)  2%          4
 Olgreb's Toxic Radiance  Pois           41%        N/A       2%          4
 Confusing Touch          Hex            35%        N/A       4%          3
 Manifold Assault         Tloc           41%        N/A       9%          4
 Summon Ice Beast         Ice/Summ       41%        N/A       9%          4
 Summon Lightning Spire   Summ/Air       42%        N/A       9%          4
 Summon Forest            Summ/Tloc      20%        N/A       24%         5
 Alistair's Intoxication  Tmut/Pois      25%        N/A       30%         5
 Metabolic Englaciation   Hex/Ice        19%        N/A       30%         5
 Summon Mana Viper        Hex/Summ       38%        N/A       30%         5
 Eringya's Noxious Bog    Tmut/Pois      19%        4d6       38%         6
 Simulacrum               Ice/Necr       26%        N/A       45%         6
 Dispersal                Tloc           20%        N/A       80%         6
 Summon Cactus Giant      Summ           20%        N/A       80%         6
 Spellforged Servitor     Conj/Summ      45%        N/A       10%         7
 Ozocubu's Refrigeration  Ice            20%        4d12      86%         7
 Monstrous Menagerie      Summ           20%        N/A       100%        7
 Disjunction              Tloc           20%        N/A       100%        8
 Dragon's Call            Summ           20%        N/A       100%        9
 Polar Vortex             Ice            20%        12d2*     100%        9


Dungeon Overview and Level Annotations

Branches:
Dungeon (15/15)            Temple (1/1) D:4            Lair (5/5) D:8
  Swamp (4/4) Lair:3       Spider (0/4) Lair:2        Slime (0/5) Lair:5
    Orc (2/2) D:11            Elf (3/3) Orc:2        Vaults (0/5) D:13
 Depths (0/4) D:15          Sewer (visited)         Volcano (visited)
 WizLab (visited)

Altars:
Ashenzari
Cheibriados
Dithmenos
Elyvilon
Fedhas
Gozag
Hepliaklqana
Kikubaaqudgha
Makhleb
Nemelex Xobeh
Okawaru
Qazlal
Ru
Sif Muna
Trog
Uskayaw
Vehumet
Wu Jian
Xom
Yredelemnul
Zin
The Shining One
Jiyva

Shops:
D:4 ?   D:15 [==   Orc:1 :   Orc:2 :*([   Elf:1 *   Elf:3 (

Annotations:
Elf:2 Zenata


Innate Abilities, Weirdness & Mutations

You have hidden genetic defects.


Message History

The +2 flail of protection's magical effects unravel!
The bolt of dispelling energy misses the +0 heavy flail.
The bolt of dispelling energy hits the +5 heavy scimitar!
The +5 heavy scimitar is moderately damaged.
The +5 heavy scimitar's magical effects unravel!
The bolt of dispelling energy hits the +2 short sword of protection!
The +2 short sword of protection is severely damaged.
The +2 short sword of protection's magical effects unravel!
Unknown command.
Aiming: Quicksilver Bolt
Press: ? - help, Shift-Dir - straight line, f/p - +2 short sword of protection
Aim: a +2 short sword of protection (severely damaged, summoned, 38% to hit)
The bolt of dispelling energy misses the +2 flail of protection.
The bolt of dispelling energy hits the +5 heavy scimitar.
The +5 heavy scimitar is moderately damaged.
The bolt of dispelling energy hits the +2 short sword of protection!!
You destroy the +2 short sword of protection!
The +2 short sword of protection disappears in a puff of smoke!
The +2 flail of protection misses you.
Unknown command.
Unknown command.
Casting: Fireball (safe; 1% risk of failure)
Confirm with . or Enter, or press ? or * to list all spells.
You blink.
A +2 heavy trident comes into view.
Unknown command.
Blink to where?
Press: ? - help, Dir - move target
As you read the scroll of blinking, it crumbles to dust.
Casting: Blink (safe; 1% risk of failure)
Confirm with . or Enter, or press ? or * to list all spells.
Aiming: Stone Arrow (safe; 0% risk of failure)
Press: ? - help, Shift-Dir - straight line, f - +2 heavy trident
Aim: a +2 heavy trident (52% to hit)
You feel a surge of power!
The stone arrow hits the +2 heavy trident!
The +2 heavy trident is heavily damaged.
You feel ready to blink again.
The +2 heavy trident hits you from afar!
You die...

######.................# **,,,**,
...[.#.................# **,,,,,,
.....#.................#**,,,,,,,
.....#.................#*,,,,,,,,
.....#.................#**,,,,,,,
.<.[.#.................# **,,,,,,
.....#.................# **,,,,,,
######...))............#**,,,,,,,
..........).....@......#*,,,,,,,,
...........)...........#**,,,,,,,
######.........((......# **,,,,,,
.....#.................# **,,,*,,
.....#.................#*#...***,
###..'......(..........#*,..## *#
..#..#..........>......#**...###.
..#..#....((...........# *#...#..
..#..#.................# ##......


You could see 5 dancing weapons.

Vanquished Creatures
  Norris (Elf:2)
  A bone dragon (Swamp:4)
  A tentacled monstrosity (Swamp:2)
  2 deep elf blademasters (Elf:3)
  2 deep elf master archers (Elf:3)
  A sphinx (WizLab)
  A tentacled starspawn (Abyss:3)
  Aizul (Swamp:3)
  Agnes (D:15)
  A thorn hunter (Swamp:4)
  Gastronok (D:8)
  A nagaraja (WizLab)
  3 deep elf elementalists (Elf:3)
  10 deep elf sorcerers
  The ghost of Bravepunisher the Pandemonic, an adept SpMo of Makhleb (Swamp:1)
  Louise (Swamp:4)
  4 demonspawn corrupters (WizLab)
  An ironbound preserver (D:13)
  2 ghouls (Swamp:2)
  A stone giant (WizLab)
  A very ugly thing (WizLab)
  6 deep elf demonologists (Elf:3)
  4 eleionomae
  3 deep elf annihilators (Elf:3)
  3 bunyips
  3 deep elf death magi
  An ettin (D:15)
  An entropy weaver (WizLab)
  3 deep elf high priests
  Erolcha (Orc:1)
  10 hydras
  2 great orbs of eyes (WizLab)
  2 merfolk aquamancers (WizLab)
  2 ghost crabs (Swamp:4)
  Erica (Lair:1)
  6 alligators
  2 catoblepae
  4 centaur warriors
  5 boulder beetles
  An anaconda (WizLab)
  16 dancing weapons
  4 ogre magi (Orc:2)
  A death yak (Lair:1)
  12 two-headed ogres (Orc:2)
  An orc high priest (Elf:1)
  Amaemon (Lair:2)
  A hell knight (Volcano)
  8 deep elf knights
  7 skysharks
  A fire crab (shapeshifter) (D:14)
  3 skeletal warriors (D:14)
  A fire crab (Lair:3)
  A glowing orange brain (D:13)
  5 goliath frogs
  7 deep elf archers
  2 spectral hydras (Swamp:4)
  2 deep trolls (D:15)
  5 swamp dragons
  7 bog bodies
  2 spriggan druids
  4 lindwurms (Lair:2)
  An orc knight (D:12)
  21 deep elf zephyrmancers
  6 wizards
  Pikel (D:8)
  20 deep elf pyromancers
  2 phantasmal warriors (Swamp:4)
  A necromancer (D:15)
  An oklob plant (Lair:3)
  2 orc sorcerers
  4 manticores
  3 cyclopes
  2 will-o-the-wisps (Swamp:4)
  10 ugly things
  An alligator zombie (Swamp:4)
  A wolf spider (D:15)
  5 worldbinders (WizLab)
  6 elephants
  7 black mambas
  10 cane toads
  An apocalypse crab (Abyss:3)
  2 torpor snails
  An orange demon (Lair:2)
  4 gargoyles
  6 komodo dragons
  3 swamp worm zombies (Swamp:4)
  3 yaktaurs (Volcano)
  Psyche (D:10)
  4 rime drakes
  6 kobold demonologists
  An ancient zyme (Abyss:3)
  4 bloated husks
  3 hydra zombies (Swamp:4)
  9 trolls
  4 meliai (Lair:2)
  A troll (shapeshifter) (D:14)
  9 tyrant leeches
  10 hornets
  A queen bee (Lair:2)
  7 polar bears
  Prince Ribbit (D:9)
  16 blink frogs
  4 spectral swamp dragons (Swamp:4)
  2 air elementals
  5 wyverns
  A centaur simulacrum (D:14)
  2 water elementals
  17 spriggans
  6 basilisks
  69 yaks
  6 wraiths
  2 fire elementals
  A hog (shapeshifter) (D:13)
  3 steam dragons (D:8)
  2 fire bats (Volcano)
  Grum (Lair:1)
  2 wargs
  16 vampire mosquitoes
  13 swamp worms
  An acid dragon (D:10)
  16 water moccasins
  A swamp drake (Swamp:1)
  Pargi (Sewer)
  5 ice beasts
  7 orc warriors
  4 swamp dragon zombies (Swamp:4)
  2 black bears
  4 boggarts
  40 wolves
  9 centaurs
  27 ogres
  3 lemures (D:8)
  10 phantoms
  4 kobold brigands
  10 bullfrogs
  A gnoll sergeant (D:7)
  A necrophage (Swamp:2)
  Blork the orc (D:4)
  2 earth elementals
  A scorpion (D:7)
  6 wights
  26 killer bees (Lair:2)
  A howler monkey (D:10)
  An electric eel (Lair:5)
  7 lava snakes (Volcano)
  4 jellies
  12 orc priests
  4 hounds
  A gnoll bouda (Orc:1)
  Crazy Yiuf (D:5)
  A sleepcap (D:6)
  Natasha (thrice) (D:3)
  4 iguanas
  19 orc wizards
  A spectral swamp drake (Swamp:4)
  11 hell rats (Lair:1)
  17 gnolls
  A swamp drake zombie (Swamp:4)
  6 adders
  3 river rats
  A shadow imp (D:7)
  A white imp (D:6)
  An ufetubus (D:3)
  5 dart slugs
  56 orcs
  6 ball pythons
  7 bats
  11 endoplasms
  2 giant cockroaches (D:3)
  9 goblins
  8 hobgoblins
  3 jackals (Sewer)
  6 quokkas
  5 frilled lizards
  20 kobolds
  12 rats
  2 starspawn tentacles (Abyss:3)
976 creatures vanquished.

Vanquished Creatures (collateral kills)
  A hornet (Lair:5)
  A water moccasin (D:7)
  An ice beast (D:8)
  A bullfrog (D:8)
  3 wights (D:6)
  2 orcs
9 creatures vanquished.

Vanquished Creatures (others)
  A bloated husk (Swamp:2)
  2 yaks
  6 foxfires (Swamp:4)
  6 starspawn tentacles (Abyss:3)
15 creatures vanquished.

Grand Total: 1000 creatures vanquished

Notes
Turn   | Place    | Note
-------+----------+-------------------------------------------
     0 | D:1      | pokeman the Deep Elf Hedge Wizard began the quest for the
                  | Orb.
     0 | D:1      | Reached XP level 1. HP: 10/10 MP: 7/7
   580 | D:1      | Reached XP level 2. HP: 16/16 MP: 5/9
  1052 | D:1      | Reached skill level 5 in Spellcasting
  1197 | D:1      | Reached XP level 3. HP: 20/20 MP: 5/11
  1201 | D:1      | Learned a level 3 spell: Mephitic Cloud
  1204 | D:1      | Learned a level 2 spell: Call Imp
  1207 | D:1      | Learned a level 2 spell: Blink
  2488 | D:3      | Reached skill level 1 in Fighting
  2534 | D:3      | Noticed Natasha
  2544 | D:3      | Killed Natasha
  2545 | D:3      | Reached skill level 1 in Armour
  2545 | D:3      | Reached XP level 4. HP: 25/25 MP: 13/13
  2716 | D:3      | Noticed Natasha
  2726 | D:3      | Killed Natasha
  2818 | D:3      | Reached skill level 6 in Spellcasting
  2905 | D:3      | Found a burning altar of Makhleb.
  2953 | D:3      | Reached XP level 5. HP: 29/29 MP: 15/15
  3027 | D:3      | Noticed Natasha
  3039 | D:3      | Killed Natasha
  3321 | D:4      | Found a staircase to the Ecumenical Temple.
  3335 | Temple   | Entered the Ecumenical Temple
  3359 | D:4      | Noticed an ogre
  3368 | D:4      | Killed an ogre
  3369 | D:4      | Reached skill level 1 in Ice Magic
  3369 | D:4      | Reached skill level 1 in Poison Magic
  3369 | D:4      | Reached skill level 1 in Evocations
  3438 | D:4      | Learned a level 4 spell: Dispel Undead
  3451 | D:4      | Reached XP level 6. HP: 34/34 MP: 17/17
  3498 | D:4      | Learned a level 5 spell: Freezing Cloud
  3552 | D:4      | Found Owejebli's Magic Scroll Shop.
  3577 | D:4      | Found a radiant altar of Vehumet.
  3585 | D:4      | Became a worshipper of Vehumet
  3609 | D:4      | Reached skill level 1 in Air Magic
  3897 | D:4      | Noticed Blork the orc
  3916 | D:4      | Killed Blork the orc
  3917 | D:4      | Reached skill level 7 in Spellcasting
  3917 | D:4      | Reached skill level 1 in Necromancy
  4029 | D:5      | Entered Level 5 of the Dungeon
  4214 | D:5      | Found a runed translucent door.
  4215 | D:5      | Noticed Crazy Yiuf
  4335 | D:5      | Reached XP level 7. HP: 39/39 MP: 19/19
  5170 | D:5      | Killed Crazy Yiuf
  5304 | D:6      | Reached skill level 8 in Spellcasting
  5359 | D:6      | Found a basalt altar of Yredelemnul.
  5708 | D:6      | Identified the ring "Ylliem" {rN+ rCorr Str+6}
  5760 | D:6      | Reached XP level 8. HP: 45/45 MP: 22/22
  5804 | D:6      | Reached skill level 9 in Spellcasting
  5818 | D:6      | Found a glowing drain.
  5827 | Sewer    | Entered a sewer
  5927 | Sewer    | Noticed Pargi
  5944 | Sewer    | Killed Pargi
  6162 | D:6      | Reached skill level 5 in Conjurations
  6230 | D:6      | Reached skill level 10 in Spellcasting
  6256 | D:6      | Reached * piety under Vehumet
  6256 | D:6      | Offered knowledge of Shock by Vehumet.
  6732 | D:6      | Reached skill level 5 in Necromancy
  6891 | D:7      | Reached XP level 9. HP: 51/52 MP: 25/25
  7068 | D:7      | Learned a level 5 spell: Iskenderun's Battlesphere
  7075 | D:7      | Learned a level 6 spell: Bombard
  7089 | D:7      | Reached skill level 11 in Spellcasting
  7220 | D:4      | Bought a scroll of identify for 20 gold pieces
  7220 | D:4      | Bought a scroll of teleportation for 30 gold pieces
  7220 | D:4      | Bought a scroll of identify for 20 gold pieces
  7220 | D:4      | Bought 2 scrolls of brand weapon for 190 gold pieces
  7225 | D:4      | Identified a scroll of acquirement
  7228 | D:4      | Acquired 868 gold pieces
  7392 | D:7      | Reached skill level 1 in Earth Magic
  7512 | D:7      | Found a shimmering blue altar of Sif Muna.
  8025 | D:8      | Noticed a rime drake
  8162 | D:7      | Reached skill level 12 in Spellcasting
  8175 | D:8      | Killed a rime drake
  8196 | D:8      | Found a staircase to the Lair.
  8198 | D:8      | Identified the +2 robe of Wuw Pumynk {rPois Will+ Str+2
                  | Dex+5}
  8327 | D:8      | Reached ** piety under Vehumet
  8327 | D:8      | Offered knowledge of Static Discharge by Vehumet.
  8328 | D:8      | Reached XP level 10. HP: 30/58 MP: 28/28
  8442 | D:8      | Learned a level 3 spell: Stone Arrow
  8569 | D:8      | Noticed Pikel
  8577 | D:8      | Killed Pikel
  8578 | D:8      | Reached skill level 1 in Fire Magic
  8704 | D:8      | Noticed Gastronok
  8761 | D:8      | Killed Gastronok
  8762 | D:8      | Reached skill level 13 in Spellcasting
  9255 | D:9      | Noticed Prince Ribbit
  9292 | D:9      | Killed Prince Ribbit
  9516 | D:9      | Reached skill level 5 in Earth Magic
  9659 | D:9      | Reached skill level 14 in Spellcasting
  9890 | D:10     | Entered Level 10 of the Dungeon
 10065 | D:10     | Reached XP level 11. HP: 62/62 MP: 29/31
 10083 | D:10     | Noticed Psyche
 10094 | D:10     | Killed Psyche
 10233 | D:10     | Offered knowledge of Searing Ray by Vehumet.
 10378 | D:10     | Noticed an angel
 10405 | D:10     | Found a shimmering altar of Xom.
 10411 | D:10     | Found a glowing silver altar of Zin.
 10450 | D:10     | Reached *** piety under Vehumet
 11226 | D:11     | Offered knowledge of Frozen Ramparts by Vehumet.
 11359 | D:11     | Found a staircase to the Orcish Mines.
 11775 | D:11     | Reached **** piety under Vehumet
 12051 | D:11     | Offered knowledge of Arcjolt by Vehumet.
 12147 | D:12     | Noticed a boulder beetle
 12386 | D:12     | Killed a boulder beetle
 12387 | D:12     | Reached skill level 15 in Spellcasting
 12531 | D:12     | Noticed an orc knight
 12540 | D:12     | Killed an orc knight
 12541 | D:12     | Reached skill level 5 in Fire Magic
 12812 | D:12     | Found an iron altar of Okawaru.
 12858 | D:12     | Noticed a white ugly thing
 12863 | D:12     | Killed a white ugly thing
 12866 | D:12     | Reached skill level 5 in Armour
 13316 | D:13     | Noticed a centaur warrior
 13321 | D:13     | Killed a centaur warrior
 13322 | D:13     | Reached XP level 12. HP: 8/67 MP: 33/33
 13513 | D:13     | Noticed a boulder beetle
 13520 | D:13     | Killed a boulder beetle
 13522 | D:13     | Noticed a six-headed hydra
 13699 | D:13     | Killed a six-headed hydra
 13700 | D:13     | Reached skill level 16 in Spellcasting
 13959 | D:13     | Reached skill level 5 in Fighting
 14031 | D:13     | Found a gate to the Vaults.
 14031 | D:13     | Noticed an ironbound preserver
 14043 | D:13     | Killed an ironbound preserver
 14176 | D:13     | Reached ***** piety under Vehumet
 14343 | D:13     | Noticed a boulder beetle
 14355 | D:13     | Offered knowledge of Yara's Violent Unravelling by Vehumet.
 14358 | D:13     | Killed a boulder beetle
 14359 | D:13     | Reached skill level 10 in Conjurations
 15187 | D:14     | Reached skill level 17 in Spellcasting
 15360 | D:14     | Acquired the +1 pair of gloves of Impressiveness {rF+ rN+
                  | Dex+3}
 15386 | D:14     | Noticed a centaur warrior
 15391 | D:14     | Killed a centaur warrior
 15668 | D:14     | Reached XP level 13. HP: 49/74 MP: 36/36
 16480 | D:15     | Entered Level 15 of the Dungeon
 16481 | D:15     | Found a blossoming altar of Fedhas.
 16757 | D:15     | Found a sparkling altar of Nemelex Xobeh.
 16816 | D:15     | Found Gounwof's Jewellery Shop.
 16936 | D:15     | Learned a level 5 spell: Lee's Rapid Deconstruction
 17015 | D:15     | Found Cisag's Armour Shop.
 17040 | D:15     | Noticed Agnes
 17046 | D:15     | Killed Agnes
 17047 | D:15     | Reached skill level 18 in Spellcasting
 17244 | D:15     | Noticed an ettin
 17247 | D:15     | Killed an ettin
 17302 | D:15     | Found a staircase to the Depths.
 17696 | D:15     | Found Xaogysch's Jewellery Emporium.
 17704 | D:15     | Bought a ring of see invisible for 225 gold pieces
 18174 | Lair:1   | Entered Level 1 of the Lair of Beasts
 18343 | Lair:1   | Noticed Erica
 18350 | Lair:1   | Killed Erica
 18384 | Lair:1   | Noticed Grum
 18387 | Lair:1   | Killed Grum
 18900 | Lair:1   | Reached skill level 19 in Spellcasting
 19414 | Lair:2   | Reached XP level 14. HP: 80/80 MP: 36/39
 19532 | Lair:2   | Found a hole to the Spider Nest.
 19537 | Lair:2   | Noticed Amaemon
 19550 | Lair:2   | Killed Amaemon
 20366 | Lair:2   | Offered knowledge of Orb of Destruction by Vehumet.
 20591 | Lair:2   | Reached skill level 10 in Earth Magic
 21437 | Lair:3   | Found a staircase to the Swamp.
 21571 | Lair:3   | Learned a level 7 spell: Orb of Destruction
 21914 | Lair:4   | Reached skill level 20 in Spellcasting
 22120 | Lair:4   | Identified the +1 robe "Liluebb" {rPois rN+ Stlth-}
 22748 | Lair:4   | You fall into a shaft and drop 1 floor!
 22748 | Lair:5   | Entered Level 5 of the Lair of Beasts
 22754 | Lair:5   | Reached skill level 10 in Fire Magic
 22839 | Lair:5   | Offered knowledge of Ozocubu's Refrigeration by Vehumet.
 22967 | Lair:5   | Found a viscous altar of Jiyva.
 22967 | Lair:5   | Found a staircase to the Slime Pits.
 23102 | Lair:4   | Identified the +0 chain mail of Hubris {Will+}
 23897 | Lair:5   | Reached XP level 15. HP: 79/84 MP: 28/41
 24038 | Lair:5   | Identified the +6 mace "Diocwiybuu" {freeze, *Corrode rPois
                  | Will- Str+6 SInv}
 24604 | Lair:5   | Offered knowledge of Conjure Ball Lightning by Vehumet.
 24651 | Lair:5   | Reached skill level 21 in Spellcasting
 24864 | Lair:5   | Reached ****** piety under Vehumet
 25193 | Lair:5   | Identified the +0 helmet of the Gusle {Dex+2}
 25195 | Lair:5   | Identified the staff of Ru, Holding {rC+ Int+5 Stlth+ Ice}
 25548 | Orc:1    | Entered Level 1 of the Orcish Mines
 25754 | Orc:1    | Found Imuin's Book Shop.
 25945 | Orc:2    | Entered Level 2 of the Orcish Mines
 25974 | Orc:2    | Found a dark tunnel.
 25980 | Volcano  | Entered a volcano
 26304 | Volcano  | Found a radiant altar of Vehumet.
 26764 | Orc:2    | Found a staircase to the Elven Halls.
 26803 | Orc:1    | Noticed Erolcha
 26812 | Orc:1    | Killed Erolcha
 27352 | Orc:2    | Offered knowledge of Starburst by Vehumet.
 27360 | Orc:2    | Learned a level 6 spell: Starburst
 27483 | Orc:2    | Paralysed by an ogre mage for 4 turns
 27799 | Orc:2    | Found Waedelod's Book Emporium.
 27799 | Orc:2    | Found Efium's Antique Weapon Shop.
 27800 | Orc:2    | Found Mabykudu's General Store.
 27800 | Orc:2    | Found Nann's Armour Shoppe.
 27810 | Orc:2    | Bought a scroll of blinking for 112 gold pieces
 27810 | Orc:2    | Bought a potion of lignification for 45 gold pieces
 28052 | Swamp:1  | Entered Level 1 of the Swamp
 28268 | Swamp:1  | Reached skill level 22 in Spellcasting
 28521 | Swamp:1  | Offered knowledge of Fireball by Vehumet.
 28551 | Swamp:1  | Learned a level 5 spell: Fireball
 28769 | Swamp:1  | Found a runed translucent door.
 28769 | Swamp:1  | Noticed Bravepunisher's ghost (adept SpMo)
 28769 | Swamp:1  | Found the +9 sword of Power {lifebolt}
 29014 | Swamp:1  | Killed Bravepunisher's ghost
 29164 | Swamp:2  | Reached XP level 16. HP: 92/92 MP: 39/44
 29649 | Swamp:2  | Noticed a tentacled monstrosity
 29657 | Swamp:2  | Killed a tentacled monstrosity
 30155 | Swamp:3  | Noticed Aizul
 30159 | Swamp:3  | Killed Aizul
 30885 | Swamp:4  | Entered Level 4 of the Swamp
 30889 | Swamp:4  | Noticed a thorn hunter
 31147 | Swamp:4  | Killed a thorn hunter
 31329 | Swamp:4  | Identified the +3 flail "Fit Ich" {heavy, rF++ Dex-5}
 31335 | Swamp:4  | Offered knowledge of Lehudib's Crystal Spear by Vehumet.
 31885 | Swamp:4  | Reached skill level 23 in Spellcasting
 32808 | Swamp:4  | Noticed a bone dragon
 32818 | Swamp:4  | Killed a bone dragon
 33040 | Swamp:4  | Noticed Louise
 33058 | Swamp:4  | Killed Louise
 33189 | Swamp:4  | Got a decaying rune of Zot
 33687 | Elf:1    | Entered Level 1 of the Elven Halls
 34501 | Elf:1    | Found Ebloumui's General Store.
 34539 | Elf:1    | Bought a potion of heal wounds for 60 gold pieces
 34539 | Elf:1    | Bought a scroll of identify for 24 gold pieces
 34697 | Elf:2    | Found a magical portal.
 34706 | WizLab   | Entered Alistair's Party Mansion
 34724 | WizLab   | Reached XP level 17. HP: 98/99 MP: 33/46
 34902 | WizLab   | Noticed a sphinx
 34910 | WizLab   | Paralysed by a sphinx for 5 turns
 34916 | WizLab   | Killed a sphinx
 35066 | WizLab   | Reached skill level 1 in Shields
 35400 | WizLab   | Noticed a golden dragon
 35717 | WizLab   | Reached skill level 24 in Spellcasting
 35782 | WizLab   | Got a clothbound book
 35848 | WizLab   | Acquired 844 gold pieces
 36233 | Elf:2    | Noticed Norris
 36245 | Elf:2    | Killed Norris
 36357 | Elf:2    | Reached skill level 15 in Conjurations
 36555 | Elf:2    | Found a runed translucent gate.
 36555 | Elf:2    | Found a runed translucent gate.
 36556 | Elf:2    | Found a runed translucent gate.
 37001 | Elf:3    | Entered Level 3 of the Elven Halls
 37896 | Elf:3    | Noticed a deep elf master archer
 37911 | Elf:3    | Noticed a deep elf blademaster
 38558 | Elf:3    | Found Paakhuoh's Antique Weapon Shop.
 38563 | Elf:3    | Killed a deep elf blademaster
 38680 | Abyss:3  | Found a corrupted altar of Lugonu.
 38680 | Abyss:3  | Cast into level 3 of the Abyss (a deep elf sorcerer)
 38736 | Elf:3    | Escaped the Abyss
 38738 | Elf:3    | Offered knowledge of Fire Storm by Vehumet.
 38738 | Elf:3    | Offered knowledge of Chain Lightning by Vehumet.
 38738 | Elf:3    | Offered knowledge of Ignition by Vehumet.
 38795 | Elf:3    | Learned a level 8 spell: Ignition
 38841 | Elf:3    | Identified the +0 dagger of Roecea Seyr {pain, rC+ rN+
                  | Dex+3}
 38850 | Elf:3    | Identified the +7 halberd of Winter {elec, Int+4}
 38859 | Elf:3    | Identified the ring "Akoukha" {rElec rN+ SInv Stlth-}
 38860 | Elf:3    | Identified the +6 war axe "Rutus" {heavy, Fly rElec rF+
                  | Int+3}
 38867 | Elf:3    | Reached XP level 18. HP: 89/105 MP: 17/48
 38870 | Elf:3    | Reached skill level 25 in Spellcasting
 39149 | Abyss:3  | Cast into level 3 of the Abyss (a deep elf sorcerer)
 39235 | Elf:3    | Escaped the Abyss
 39237 | Elf:3    | Identified the +1 great sword "Mum Zihu" {vamp, *Noise
                  | *Slow rCorr Dex+9}
 39240 | Elf:3    | Gained mutation: You have hidden genetic defects. [a
                  | neqoxec]
 39554 | Elf:3    | Identified the +10 lajatang of Barch {venom, Contam Fly
                  | rPois Int+7}
 40282 | Elf:3    | Identified the +0 chain mail of Tulips {rElec rF+ rC-}
 40349 | Elf:3    | Identified the +2 dagger of Suecviz {spect, rN+}
 40352 | Elf:3    | Identified the staff "Boecyzxe" {rElec rN++ Air}
 40358 | Elf:3    | Got an odd book
 40753 | Elf:2    | Noticed Zenata
 40760 | Elf:2    | HP: 5/105 [+2 flail of protection[Zenata] (4)]
 40769 | Elf:2    | Slain by a +2 heavy trident

Illustrated notes

Levels and vault maps discovered:
D:1:      minmay_arrival_arboretum_small, layout_basic, chequers_hall_statues_y,
          minmay_misc_feat_tiny
D:2:      layout_loops_corners, minmay_misc_feat_pillars
D:3:      layout_rooms, mainiacjoe_overflow_cross_hatched, uniq_natasha
D:4:      layout_cave_pools, mainiacjoe_overflow_surrounded_room,
          minmay_temple_entry_mini_moons, serial_shops, shop,
          minmay_goblin_kobold_house, uniq_blork_the_orc
D:5:      layout_basic, uniq_crazy_yiuf_cottage
D:6:      layout_basic, mainiacjoe_overflow_catwalk, portal_sewer_entry_d,
          hex_intersection, grunt_decor_resistance, minmay_between
D:7:      layout_loops_ring, tgw_sif, kennysheep_generic_room_11
D:8:      layout_rooms, hellmonk_lair_entry_icy, serial_curves, eino_curves_02,
          eino_curves_04, eino_curves_03, eino_curves_04, columned_hall_lemuel,
          uniq_gastronok, uniq_pikel
D:9:      layout_roguey, uniq_prince_ribbit1
D:10:     layout_long_grid, grunt_temple_overflow_order_and_chaos_1, uniq_psyche
D:11:     layout_gridville, hiddenorc2_lemuel
D:12:     layout_loops_ring, okawaru_altar_gauntlet_db
D:13:     layout_basic, hellmonk_vaults_order_and_chaos
D:14:     layout_stronghold, serial_park_tiny_2
D:15:     hangedman_depths_entry_civil_slaughter, layout_stronghold,
          fedhas_altar_1, serial_shops, nicolae_shop_peninsula,
          nicolae_shop_rolling_square, nicolae_shop_gaudy_bauble,
          nemelex_lonely_heart_becter, uniq_agnes
Temple:   compressed_dpeg_triangle_lava_temple
Lair:1:   layout_hall_layers, kennysheep_abandoned_house, lemuel_fruit_tree,
          grunt_megastairs_4, uniq_grum, uniq_erica
Lair:2:   regret_index_combs_of_tragedy, layout_loops_ring,
          spider_nest_entry_web_field, minmay_lindwurm_lava,
          serial_bayou_shore_b, uniq_amaemon
Lair:3:   beast_lair_carwin_large_1, layout_cave_shapes, swamp_mist
Lair:4:   layout_regular_city
Lair:5:   minmay_lair_end_enchanted_forest, layout_hall_layers,
          nicolae_slime_entry_slimehenge, infiniplex_staircase_pool
Swamp:1:  layout_basic_swamp, gammafunk_ghost_grave, nicolae_swamp_tree_designs
Swamp:2:  layout_basic_swamp, serial_swamp_ruin, evilmike_swamp_ruin_house_5,
          evilmike_swamp_ruin_house_6, evilmike_swamp_ruin_house_4, swamp_pool1,
          st_swamp_mini
Swamp:3:  layout_basic_swamp, evilmike_swamp_ruin_house_2, uniq_aizul
Swamp:4:  swamp_pestilence, layout_basic_swamp, uniq_louise
Orc:1:    layout_diamond_mine, serial_shops, shop, basic_altar, uniq_erolcha
Orc:2:    st_orc_ogre_mass, layout_diamond_mine, enter_volcano_2
Elf:1:    layout_geoelf_diagonals, serial_shops, shop, hangedman_elf_disciples,
          grunt_megastairs_3
Elf:2:    elven_hall_of_blades_hangedman_original [nooodl_blade_entry_preview],
          layout_onion_city, lightli_enter_wizlab_magi_temple,
          hangedman_elven_ridges, uniq_norris, uniq_zenata
Elf:3:    grunt_elf_hall_asides, layout_loops_corners, serial_shops, shop,
          grunt_megastairs_1

Skill      XL: |  1  2  3  4  5  6  7  8  9 10 11 12 13 14 15 16 17 18 |
---------------+-------------------------------------------------------+-----
Spellcasting   | 5 6 7 8 10 12 14 15 17 19 20 22 23 24 25 | 25.5
Fighting       | 1 2 3 4 5 6 7 8 9 |  9.0
Armour         | 1 2 3 5 6 7 |  7.0
Conjurations   | 2 3 4 5 6 8 9 10 11 12 13 14 15 | 15.8
Dodging        | 3 |  3.0
Stealth        | 3 |  3.0
Ice Magic      | 1 |  1.0
Poison Magic   | 1 |  1.0
Evocations     | 1 |  1.0
Air Magic      | 1 |  1.2
Necromancy     | 1 3 5 6 |  6.0
Earth Magic    | 3 5 6 8 9 10 11 12 13 | 13.8
Fire Magic     | 3 5 7 8 10 11 12 13 14 | 14.0
Shields        | 3 4 |  4.8
Summonings     | |  1.1
Translocations | |  1.1

Action                     |  1- 3 |  4- 6 |  7- 9 | 10-12 | 13-15 | 16-18 || total
---------------------------+-------+-------+-------+-------+-------+-------++-------
  Melee: Quick blade       |     6 |    26 |   495 |   151 |       |       ||   678
         Punch             |       |       |     6 |     3 |     2 |       ||    11
         Staff             |       |       |       |    23 |    76 |     1 ||   100
   Cast: Magic Dart        |   101 |   115 |   205 |   173 |   120 |    11 ||   725
         Mephitic Cloud    |       |     5 |    27 |    26 |    23 |     3 ||    84
         Call Imp          |       |       |    14 |     3 |     1 |       ||    18
         Blink             |       |       |     5 |     1 |     3 |     4 ||    13
         Stone Arrow       |       |       |       |   123 |   350 |    66 ||   539
         Iskenderun's Batt |       |       |       |    16 |    18 |     2 ||    36
         Freezing Cloud    |       |       |       |    23 |   145 |     1 ||   169
         Bombard           |       |       |       |    11 |     9 |    35 ||    55
         Dispel Undead     |       |       |       |     8 |       |       ||     8
         Starburst         |       |       |       |       |    18 |     9 ||    27
         Fireball          |       |       |       |       |    14 |   383 ||   397
         Orb of Destructio |       |       |       |       |       |     7 ||     7
  Evoke: Wand              |       |       |     1 |     2 |     1 |     6 ||    10
    Use: Scroll            |       |       |    10 |     7 |     9 |    12 ||    38
   Stab: Confused          |       |     4 |    42 |    29 |     4 |       ||    79
         Distracted        |       |       |     6 |       |       |       ||     6
         Paralysed         |       |       |       |     7 |       |       ||     7
 Armour: Robe              |     5 |    15 |    45 |    22 |       |       ||    87
         Troll leather arm |       |       |    72 |       |       |       ||    72
         Acid dragon scale |       |       |       |    66 |   190 |    95 ||   351
  Dodge: Dodged            |    11 |    28 |   255 |   119 |   149 |    53 ||   615

Table legend: (Time is in decaauts)
 A = Elapsed time spent in this place.
 B = Non-inter-level travel time spent in this place.
 C = Inter-level travel time spent in this place.
 D = Time resting spent in this place.
 E = Time spent auto-exploring this place.
 F = Levels seen in this place.
 G = Mean time per level.
                   A        B        C        D        E       F      G
               +--------+--------+--------+--------+--------+-----+--------+
         Total |  41278 |  37499 |   3779 |   4236 |  26101 |  35 | 1179.4 |
       Dungeon |  18798 |  16613 |   2185 |    824 |  12925 |  15 | 1253.2 |
        Temple |    148 |    131 |     17 |      0 |      0 |   1 |  148.0 |
          Lair |   7642 |   7104 |    538 |    761 |   5065 |   5 | 1528.4 |
         Swamp |   5212 |   4861 |    351 |    940 |   3296 |   4 | 1303.0 |
  Orcish Mines |   1798 |   1502 |    296 |      0 |   1186 |   2 |  899.0 |
   Elven Halls |   5404 |   5013 |    391 |   1110 |   3021 |   3 | 1801.3 |
         Abyss |    140 |    140 |      0 |      0 |      0 |   2 |   70.0 |
         Sewer |    252 |    252 |      0 |      0 |    193 |   1 |  252.0 |
       Volcano |    721 |    721 |      0 |    113 |    413 |   1 |  721.0 |
        Wizlab |   1160 |   1160 |      0 |    488 |      1 |   1 | 1160.0 |
               +--------+--------+--------+--------+--------+-----+--------+

Top non-repeatable levels by time:
   Elf:3: 2634 daAuts
 Swamp:4: 2173 daAuts
  Lair:5: 1975 daAuts
  Lair:2: 1727 daAuts
     D:6: 1705 daAuts
   Elf:2: 1559 daAuts
    D:14: 1490 daAuts
    D:11: 1463 daAuts
    D:12: 1447 daAuts
    D:15: 1438 daAuts
     D:5: 1426 daAuts
  Lair:3: 1350 daAuts
     D:1: 1341 daAuts
  Lair:4: 1319 daAuts
  Lair:1: 1269 daAuts
